Los Angeles Kings vs Vegas Golden Knights
Created - Wednesday, February 5, 2025 at 08:20
Goals
|
| Los Angeles Kings |
2 |
3 |
0 |
0 |
5 |
| Vegas Golden Knights |
1 |
2 |
2 |
1 |
6 |
|
Shots
|
| Los Angeles Kings |
4 |
16 |
2 |
0 |
22 |
| Vegas Golden Knights |
16 |
12 |
9 |
1 |
38 |
|
1st period
1. Vegas Golden Knights , Auston Matthews 2 (Reilly Smith 1, Bryan Rust 2) at 4:08
2. Los Angeles Kings , Andrei Kuzmenko 1 (Michael Eyssimont 2, Blake Wheeler 1) at 12:48
3. Los Angeles Kings , Michael Milne 2 (Michael Eyssimont 3, Andrei Kuzmenko 1) at 19:32
Penalties :
Logan Cooley (LAK) for Tripping (Minor) at 4:19, Danton Heinen (VGK) for Slashing (Minor) at 16:31
2nd period
4. Los Angeles Kings , Logan Cooley 2 (Erik Brannstrom 1) at 0:15
5. Vegas Golden Knights , Pierre-edouard Bellemare 1 (Sean Couturier 1, John Marino 1) at 4:05 (SH)
6. Vegas Golden Knights , Johnny Gaudreau 1 (Sean Monahan 3, Tyler Toffoli 2) at 9:51
7. Los Angeles Kings , Seth Jarvis 1 (Logan Cooley 1, K'Andre Miller 1) at 12:43 (PP)
8. Los Angeles Kings , Michael Eyssimont 1 (Michael Milne 1, Andrei Kuzmenko 2) at 13:42
Penalties :
Cole Smith (VGK) for Roughing (Minor) at 3:04, Reilly Smith (VGK) for Tripping (Minor) at 12:28
3rd period
9. Vegas Golden Knights , Johnny Gaudreau 2 (Shea Theodore 1) at 0:12
10. Vegas Golden Knights , Reilly Smith 3 (Auston Matthews 3, Bryan Rust 3) at 10:30
Penalties :
Peyton Krebs (LAK) for High sticking (Minor) at 2:36, Jakub Zboril (LAK) for Delaying the game (Minor) at 10:33
Overtime #1
11. Vegas Golden Knights , Auston Matthews 3 (Bryan Rust 4, Shea Theodore 2) at 0:17
Penalties :
No Penalty
Goalie Stats
Andrei Vasilevskiy (LAK), 32 saves from 38 shots - (0.842), OTL, 1-0-1, 60:17 minutes
Semyon Varlamov (VGK), 17 saves from 22 shots - (0.773), W, 2-0-0, 60:17 minutes
Players Stats for Los Angeles Kings
Player Name G A P +/- PIM S H SB GA TA FO MP PP MP PK MP
------------------------------------------------------------------------------------
Adam Fantilli 0 0 0 -1 0 2 3 0 1 0 8/15 17:39 2:08 0:09
Alexander Romanov 0 0 0 -2 0 0 0 0 0 3 0/0 22:18 1:59 3:03
Andrei Kuzmenko 1 2 3 3 0 2 0 0 0 0 0/1 15:53 0:00 2:49
Andrei Svechnikov 0 0 0 -2 0 4 0 0 0 1 0/0 19:49 2:08 2:51
Blake Wheeler 0 1 1 1 0 1 2 1 0 0 0/0 17:50 0:00 0:00
Cooper Marody 0 0 0 0 0 0 1 0 0 0 0/1 6:23 0:00 0:00
Erik Brannstrom 0 1 1 -2 0 1 3 1 0 0 0/5 19:47 1:57 0:00
Jakub Zboril 0 0 0 1 2 1 1 1 0 0 0/0 14:42 0:00 0:00
K'Andre Miller 0 1 1 -1 0 0 2 0 0 2 0/0 23:18 2:14 2:54
Logan Cooley 1 1 2 -3 2 2 3 0 1 0 8/17 17:46 2:05 1:56
Michael Eyssimont 1 2 3 3 0 2 1 1 2 0 4/7 14:42 0:00 0:51
Michael Milne 1 1 2 3 0 2 1 1 0 0 0/0 12:55 0:00 0:00
Noah Dobson 0 0 0 -1 0 2 0 0 0 1 0/0 23:18 2:14 2:54
Owen Power 0 0 0 -2 0 0 0 0 0 0 0/0 22:18 1:59 3:03
Peyton Krebs 0 0 0 -1 2 0 4 0 0 0 0/0 18:10 2:08 0:19
Ryan Reaves 0 0 0 0 0 0 0 0 0 0 0/0 1:56 0:00 0:00
Seth Jarvis 1 0 1 -4 0 2 2 0 0 0 0/3 19:27 2:05 2:59
Trent Frederic 0 0 0 -1 0 1 0 0 0 0 0/0 6:57 0:08 0:00
Players Stats for Vegas Golden Knights
Player Name G A P +/- PIM S H SB GA TA FO MP PP MP PK MP
------------------------------------------------------------------------------------
Auston Matthews 2 1 3 1 0 8 1 0 1 2 7/13 18:17 3:06 0:00
Bryan Rust 0 3 3 1 0 2 2 0 1 0 0/1 18:17 3:06 0:00
Cole Smith 0 0 0 0 2 1 1 0 1 0 0/0 9:17 0:00 1:10
Danton Heinen 0 0 0 -1 2 3 1 0 1 0 0/1 15:00 3:00 0:00
John Marino 0 1 1 1 0 1 1 1 0 0 0/0 16:40 0:00 2:00
Johnny Gaudreau 2 0 2 1 0 2 0 0 0 1 0/0 16:56 2:51 0:00
Jordan Staal 0 0 0 -1 0 1 2 0 1 0 5/6 14:43 0:00 2:06
Marc-Edouard Vlasic 0 0 0 -1 0 0 0 0 0 0 0/0 16:39 0:00 2:13
Matt Nieto 0 0 0 0 0 1 1 0 0 0 1/1 11:28 0:00 1:57
Pierre-edouard Bellemare 1 0 1 1 0 4 0 0 0 0 2/2 10:35 0:00 2:11
Reilly Smith 1 1 2 0 2 2 2 0 1 0 0/1 18:03 3:06 0:00
Roman Josi 0 0 0 2 0 2 2 2 0 1 0/0 22:43 0:00 2:13
Ryan Graves 0 0 0 0 0 1 1 0 0 0 0/0 16:14 0:00 2:00
Sean Couturier 0 1 1 0 0 4 2 0 0 0 5/9 16:00 2:57 0:57
Sean Monahan 0 1 1 1 0 2 2 0 1 0 9/15 16:56 2:51 0:00
Shea Theodore 0 2 2 2 0 1 1 1 0 0 0/0 23:15 2:57 0:00
Thomas Chabot 0 0 0 0 0 0 0 2 0 0 0/0 18:16 3:00 0:00
Tyler Toffoli 0 1 1 1 0 3 1 0 0 0 0/0 17:33 2:51 0:05
3 Stars
1 - Auston Matthews (VGK)
2 - Michael Eyssimont (LAK)
3 - Andrei Kuzmenko (LAK)
Power Play
Los Angeles Kings - 1 on 3 Attempt(s) - 33.33%
Vegas Golden Knights - 0 on 3 Attempt(s) - 0.00%
Penalty Kill
Los Angeles Kings - 3 on 3 Attempt(s) - 100.00%
- Score 0 goal in Penalty Kill
Vegas Golden Knights - 2 on 3 Attempt(s) - 66.67%
- Score 1 goal in Penalty Kill
Team Stat
Los Angeles Kings - Hits : 23 - Faceoff Wins : 20 - Blocked Shots : 5 - Penalty Minutes : 6
Vegas Golden Knights - Hits : 20 - Faceoff Wins : 29 - Blocked Shots : 6 - Penalty Minutes : 6
Official
Referees : Trevor Hanson and Brian Pochmara
Linesman : Ryan Daisy and Brandon Gawryletz
Game Notes
No Game Note
Finance
Level 1 -- Attendance: 6000 (100.00%) -- Ticket Income $570,000
Level 2 -- Attendance: 4558 (91.16%) -- Ticket Income $250,690
Level 3 -- Attendance: 3000 (100.00%) -- Ticket Income $90,000
Level 4 -- Attendance: 4740 (94.80%) -- Ticket Income $94,800
Luxury Box -- Attendance: 951 (95.10%) -- Ticket Income $180,690
Game was played at the T-Mobile Arena.
Total Attendance: 19249 (96.25%)
Total Ticket Income: $1,186,180
Other Income: $415,163
Total Income: $1,601,343
Los Angeles Kings
5 vs 5 Forward
Center Left Wing Right Wing Time % Phy DF OF
1 Logan Cooley Erik Brannstrom Seth Jarvis 30 1 2 2
2 Adam Fantilli Peyton Krebs Andrei Svechnikov 30 1 2 2
3 Michael Eyssimont Michael Milne Andrei Kuzmenko 25 1 2 2
4 Cooper Marody Erik Brannstrom Blake Wheeler 15 1 2 2
5 vs 5 Defense
Defense Defense Time % Phy DF OF
1 Noah Dobson K'Andre Miller 35 1 2 2
2 Alexander Romanov Owen Power 35 1 2 2
3 Jakub Zboril Blake Wheeler 30 1 2 2
4 Noah Dobson K'Andre Miller 0 1 2 2
PowerPlay Forward
Center Left Wing Right Wing Time % Phy DF OF
1 Logan Cooley Erik Brannstrom Seth Jarvis 50 1 2 2
2 Adam Fantilli Peyton Krebs Andrei Svechnikov 50 1 2 2
PowerPlay Defense
Defense Defense Time % Phy DF OF
1 Noah Dobson K'Andre Miller 50 1 2 2
2 Alexander Romanov Owen Power 50 1 2 2
Penalty Kill 4 Players Forward
Center Wing Time % Phy DF OF
1 Seth Jarvis Andrei Svechnikov 50 1 2 2
2 Andrei Kuzmenko Logan Cooley 50 1 2 2
Penalty Kill 4 Players Defense
Defense Defense Time % Phy DF OF
1 Noah Dobson K'Andre Miller 50 1 2 2
2 Alexander Romanov Owen Power 50 1 2 2
Penalty Kill - 3 Players Forward
Forward Time % Phy DF OF
1 Seth Jarvis 50 1 2 2
2 Andrei Svechnikov 50 1 2 2
Penalty Kill - 3 Players Defense
Defense Defense Time % Phy DF OF
1 Noah Dobson K'Andre Miller 50 1 2 2
2 Alexander Romanov Owen Power 50 1 2 2
4 vs 4 Forward
Center Wing Time % Phy DF OF
1 Seth Jarvis Andrei Svechnikov 50 1 2 2
2 Andrei Kuzmenko Logan Cooley 50 1 2 2
4 vs 4 Defense
Defense Defense Time % Phy DF OF
1 Noah Dobson K'Andre Miller 50 1 2 2
2 Alexander Romanov Owen Power 50 1 2 2
Last Minutes Offensive
Center Left Wing Right Wing Defense Defense
Logan Cooley Erik Brannstrom Seth Jarvis Noah Dobson K'Andre Miller
Last Minutes Defensive
Center Left Wing Right Wing Defense Defense
Logan Cooley Erik Brannstrom Seth Jarvis Noah Dobson K'Andre Miller
Goaltenders
Starting : Andrei Vasilevskiy
Backup : Jonas Johansson
Extra Forwards
Normal : Trent Frederic, Ryan Reaves, Michael Eyssimont - PP : Trent Frederic, Ryan Reaves - PK : Michael Eyssimont
Extra Defensemen
Normal : Jakub Zboril, Erik Brannstrom, Alexander Romanov - PP : Jakub Zboril - PK : Erik Brannstrom, Alexander Romanov
Penalty Shots
Seth Jarvis, Andrei Svechnikov, Andrei Kuzmenko, Logan Cooley, Blake Wheeler
Scratches
Vitali Kravtsov (Healthy)
Vegas Golden Knights
5 vs 5 Forward
Center Left Wing Right Wing Time % Phy DF OF
1 Auston Matthews Bryan Rust Reilly Smith 30 1 2 2
2 Sean Monahan Johnny Gaudreau Tyler Toffoli 30 1 2 2
3 Sean Couturier Jordan Staal Danton Heinen 25 1 2 2
4 Pierre-edouard Bellemare Cole Smith Matt Nieto 15 1 2 2
5 vs 5 Defense
Defense Defense Time % Phy DF OF
1 Roman Josi Shea Theodore 30 1 2 2
2 Thomas Chabot John Marino 30 1 2 2
3 Marc-Edouard Vlasic Ryan Graves 25 1 2 2
4 Shea Theodore Roman Josi 15 1 2 2
PowerPlay Forward
Center Left Wing Right Wing Time % Phy DF OF
1 Auston Matthews Bryan Rust Reilly Smith 50 1 2 2
2 Sean Monahan Johnny Gaudreau Tyler Toffoli 50 1 2 2
PowerPlay Defense
Defense Defense Time % Phy DF OF
1 Sean Couturier Shea Theodore 50 1 2 2
2 Danton Heinen Thomas Chabot 50 1 2 2
Penalty Kill 4 Players Forward
Center Wing Time % Phy DF OF
1 Jordan Staal Matt Nieto 50 1 2 2
2 Pierre-edouard Bellemare Cole Smith 50 1 2 2
Penalty Kill 4 Players Defense
Defense Defense Time % Phy DF OF
1 Roman Josi Marc-Edouard Vlasic 50 1 2 2
2 Ryan Graves John Marino 50 1 2 2
Penalty Kill - 3 Players Forward
Forward Time % Phy DF OF
1 Jordan Staal 50 1 2 2
2 Pierre-edouard Bellemare 50 1 2 2
Penalty Kill - 3 Players Defense
Defense Defense Time % Phy DF OF
1 Roman Josi Marc-Edouard Vlasic 50 1 2 2
2 Ryan Graves John Marino 50 1 2 2
4 vs 4 Forward
Center Wing Time % Phy DF OF
1 Auston Matthews Bryan Rust 50 1 2 2
2 Sean Monahan Tyler Toffoli 50 1 2 2
4 vs 4 Defense
Defense Defense Time % Phy DF OF
1 Roman Josi Shea Theodore 50 1 2 2
2 Thomas Chabot John Marino 50 1 2 2
Last Minutes Offensive
Center Left Wing Right Wing Defense Defense
Auston Matthews Bryan Rust Sean Monahan Roman Josi Shea Theodore
Last Minutes Defensive
Center Left Wing Right Wing Defense Defense
Jordan Staal Pierre-edouard Bellemare Matt Nieto Roman Josi Marc-Edouard Vlasic
Goaltenders
Starting : Semyon Varlamov
Backup : Cayden Primeau
Extra Forwards
Normal : Sean Monahan, Auston Matthews, Bryan Rust - PP : Jordan Staal, Matt Nieto - PK : Sean Couturier
Extra Defensemen
Normal : John Marino, Roman Josi, Shea Theodore - PP : Roman Josi - PK : Shea Theodore, Thomas Chabot
Penalty Shots
Auston Matthews, Bryan Rust, Sean Monahan, Tyler Toffoli, Sean Couturier
Scratches
Denis Gurianov (Healthy), Travis Hamonic (Healthy)
% Time on Ice - Los Angeles Kings
Lines # - Real PCT - Wanted PCT - Time Play
Normal Forward
1 - 29% - 30% - 14:42
2 - 32% - 30% - 15:50
3 - 26% - 25% - 12:55
4 - 13% - 15% - 6:23
Normal Defense
1 - 36% - 35% - 17:53
2 - 35% - 35% - 17:16
3 - 29% - 30% - 14:41
4 - 0% - 0% - 0:00
PP Forward
1 - 49% - 50% - 2:05
2 - 51% - 50% - 2:08
PP Defense
1 - 53% - 50% - 2:14
2 - 47% - 50% - 1:59
PK Forward
1 - 50% - 50% - 2:59
2 - 50% - 50% - 2:58
PK Defense
1 - 49% - 50% - 2:54
2 - 51% - 50% - 3:03
PK3 Forward
1 - 0% - 50%
2 - 0% - 50%
PK3 Defense
1 - 0% - 50%
2 - 0% - 50%
44 Forward
1 - 100% - 50% - 0:17
2 - 0% - 50% - 0:00
44 Defense
1 - 100% - 50% - 0:17
2 - 0% - 50% - 0:00
Last Minute Offensive - 0:00
Last Minute Defensive - 0:00
Total
Forward - 60:17
Defense - 60:17
|
% Time on Ice - Vegas Golden Knights
Lines # - Real PCT - Wanted PCT - Time Play
Normal Forward
1 - 30% - 30% - 14:51
2 - 31% - 30% - 15:35
3 - 23% - 25% - 11:22
4 - 16% - 15% - 8:02
Normal Defense
1 - 29% - 30% - 14:36
2 - 31% - 30% - 15:23
3 - 28% - 25% - 14:07
4 - 12% - 15% - 5:44
PP Forward
1 - 52% - 50% - 3:06
2 - 48% - 50% - 2:51
PP Defense
1 - 50% - 50% - 2:57
2 - 50% - 50% - 3:00
PK Forward
1 - 46% - 50% - 1:57
2 - 54% - 50% - 2:16
PK Defense
1 - 53% - 50% - 2:13
2 - 47% - 50% - 2:00
PK3 Forward
1 - 0% - 50%
2 - 0% - 50%
PK3 Defense
1 - 0% - 50%
2 - 0% - 50%
44 Forward
1 - 100% - 50% - 0:17
2 - 0% - 50% - 0:00
44 Defense
1 - 100% - 50% - 0:17
2 - 0% - 50% - 0:00
Last Minute Offensive - 0:00
Last Minute Defensive - 0:00
Total
Forward - 60:17
Defense - 60:17
|
Play-by-Play
1st period
0:01 of 1st period - Auston Matthews wins face-off versus Logan Cooley in neutral zone.
0:38 of 1st period - Wrist shot by Tyler Toffoli.
0:38 of 1st period - Shot Misses the Net.
0:40 of 1st period - Slapshot by Shea Theodore.
0:40 of 1st period - Stopped by Andrei Vasilevskiy with a rebound.
1:14 of 1st period - Matt Nieto is hit by Cooper Marody and loses puck.
1:36 of 1st period - Wrist shot by Tyler Toffoli.
1:36 of 1st period - Shot Blocked by Erik Brannstrom.
1:56 of 1st period - Snap shot by Sean Couturier.
1:56 of 1st period - Stopped by Andrei Vasilevskiy with a rebound.
1:58 of 1st period - Wrist shot by Danton Heinen.
1:58 of 1st period - Stopped by Andrei Vasilevskiy with a rebound.
2:06 of 1st period - Snap shot by Sean Couturier.
2:06 of 1st period - Stopped by Andrei Vasilevskiy without a rebound.
2:07 of 1st period - Auston Matthews wins face-off versus Adam Fantilli in Los Angeles Kings zone.
2:22 of 1st period - Snap shot by Auston Matthews.
2:22 of 1st period - Stopped by Andrei Vasilevskiy with a rebound.
2:31 of 1st period - Icing by Marc-Edouard Vlasic.
2:32 of 1st period - Auston Matthews wins face-off versus Andrei Kuzmenko in Vegas Golden Knights zone.
3:01 of 1st period - Wrist shot by Tyler Toffoli.
3:01 of 1st period - Stopped by Andrei Vasilevskiy without a rebound.
3:02 of 1st period - Logan Cooley wins face-off versus Sean Couturier in Los Angeles Kings zone.
3:02 of 1st period - Logan Cooley is hit by Jordan Staal.
3:24 of 1st period - Icing by Jakub Zboril.
3:25 of 1st period - Pierre-edouard Bellemare wins face-off versus Logan Cooley in Los Angeles Kings zone.
3:34 of 1st period - Snap shot by Logan Cooley.
3:34 of 1st period - Stopped by Semyon Varlamov without a rebound.
3:35 of 1st period - Auston Matthews wins face-off versus Adam Fantilli in Vegas Golden Knights zone.
3:48 of 1st period - Wrist shot by Bryan Rust.
3:48 of 1st period - Stopped by Andrei Vasilevskiy with a rebound.
3:56 of 1st period - Slapshot by Bryan Rust.
3:56 of 1st period - Stopped by Andrei Vasilevskiy with a rebound.
4:00 of 1st period - Wrist shot by Auston Matthews.
4:00 of 1st period - Shot Blocked by Jakub Zboril.
4:02 of 1st period - Snap shot by Auston Matthews.
4:02 of 1st period - Shot Misses the Net.
4:04 of 1st period - Snap shot by Auston Matthews.
4:04 of 1st period - Stopped by Andrei Vasilevskiy with a rebound.
4:06 of 1st period - Snap shot by Reilly Smith.
4:06 of 1st period - Deflect By Auston Matthews.
4:06 of 1st period - Stopped by Andrei Vasilevskiy with a rebound.
4:08 of 1st period - Snap shot by Auston Matthews.
4:08 of 1st period - Goal by Auston Matthews - Los Angeles Kings : 0 - Vegas Golden Knights : 1.
4:09 of 1st period - Pierre-edouard Bellemare wins face-off versus Logan Cooley in neutral zone.
4:12 of 1st period - Slapshot by Roman Josi.
4:12 of 1st period - Stopped by Andrei Vasilevskiy with a rebound.
4:19 of 1st period - Minor Penalty to Logan Cooley for Tripping.
4:20 of 1st period - Auston Matthews wins face-off versus Seth Jarvis in Los Angeles Kings zone.
6:19 of 1st period - Penalty to Logan Cooley is over, Logan Cooley is back on ice.
6:27 of 1st period - Thomas Chabot is hit by Blake Wheeler and loses puck.
6:39 of 1st period - Cooper Marody is hit by Cole Smith and loses puck.
7:38 of 1st period - Shea Theodore is hit by Logan Cooley and loses puck.
7:59 of 1st period - Alexander Romanov is hit by Sean Couturier and loses puck.
8:59 of 1st period - Marc-Edouard Vlasic is hit by K'Andre Miller and loses puck.
9:20 of 1st period - Logan Cooley is hit by Tyler Toffoli and loses puck.
10:23 of 1st period - Icing by Bryan Rust.
10:24 of 1st period - Michael Eyssimont wins face-off versus Bryan Rust in Vegas Golden Knights zone.
10:27 of 1st period - Snap shot by Andrei Kuzmenko.
10:27 of 1st period - Shot Blocked by Thomas Chabot.
10:56 of 1st period - Snap shot by Tyler Toffoli.
10:56 of 1st period - Stopped by Andrei Vasilevskiy without a rebound.
10:57 of 1st period - Sean Couturier wins face-off versus Michael Eyssimont in Los Angeles Kings zone.
11:06 of 1st period - Wrist shot by Jordan Staal.
11:06 of 1st period - Shot Misses the Net.
11:08 of 1st period - Snap shot by Sean Couturier.
11:08 of 1st period - Shot Blocked by Michael Milne.
11:51 of 1st period - Wrist shot by Cole Smith.
11:51 of 1st period - Stopped by Andrei Vasilevskiy without a rebound.
11:52 of 1st period - Auston Matthews wins face-off versus Michael Eyssimont in Los Angeles Kings zone.
12:11 of 1st period - Michael Eyssimont is hit by Auston Matthews and loses puck.
12:44 of 1st period - Wrist shot by Michael Eyssimont.
12:44 of 1st period - Stopped by Semyon Varlamov with a rebound.
12:46 of 1st period - Snap shot by Andrei Kuzmenko.
12:46 of 1st period - Shot Misses the Net.
12:48 of 1st period - Wrist shot by Andrei Kuzmenko.
12:48 of 1st period - Goal by Andrei Kuzmenko - Los Angeles Kings : 1 - Vegas Golden Knights : 1.
12:49 of 1st period - Sean Monahan wins face-off versus Erik Brannstrom in neutral zone.
13:16 of 1st period - Alexander Romanov is hit by Jordan Staal and loses puck.
13:21 of 1st period - Snap shot by Sean Couturier.
13:21 of 1st period - Shot Misses the Net.
13:23 of 1st period - Wrist shot by Sean Couturier.
13:23 of 1st period - Shot Misses the Net.
13:25 of 1st period - Wrist shot by Jordan Staal.
13:25 of 1st period - Shot Misses the Net.
14:26 of 1st period - Thomas Chabot is hit by Michael Eyssimont and loses puck.
14:41 of 1st period - John Marino is hit by K'Andre Miller and loses puck.
16:02 of 1st period - Snap shot by Roman Josi.
16:02 of 1st period - Stopped by Andrei Vasilevskiy with a rebound.
16:31 of 1st period - Minor Penalty to Danton Heinen for Slashing.
16:32 of 1st period - Jordan Staal wins face-off versus Logan Cooley in Vegas Golden Knights zone.
16:40 of 1st period - Ryan Graves is hit by Seth Jarvis and loses puck.
17:00 of 1st period - Ryan Graves is hit by Adam Fantilli and loses puck.
18:31 of 1st period - Penalty to Danton Heinen is over, Danton Heinen is back on ice.
18:52 of 1st period - Icing by Jakub Zboril.
18:53 of 1st period - Sean Monahan wins face-off versus Michael Eyssimont in Los Angeles Kings zone.
18:56 of 1st period - Wrist shot by Sean Monahan.
18:56 of 1st period - Stopped by Andrei Vasilevskiy with a rebound.
19:30 of 1st period - Snap shot by Michael Eyssimont.
19:30 of 1st period - Shot Blocked by John Marino.
19:32 of 1st period - Snap shot by Michael Milne.
19:32 of 1st period - Goal by Michael Milne - Los Angeles Kings : 2 - Vegas Golden Knights : 1.
19:33 of 1st period - Logan Cooley wins face-off versus Sean Monahan in neutral zone.
Goals for this period are 2 for Los Angeles Kings vs 1 for Vegas Golden Knights.
Shots for this period are 4 for Los Angeles Kings vs 16 for Vegas Golden Knights.
2nd period
0:01 of 2nd period - Sean Monahan wins face-off versus Erik Brannstrom in neutral zone.
0:04 of 2nd period - Owen Power is hit by Sean Monahan and loses puck.
0:15 of 2nd period - Slapshot by Logan Cooley.
0:15 of 2nd period - Goal by Logan Cooley - Los Angeles Kings : 3 - Vegas Golden Knights : 1.
0:16 of 2nd period - Adam Fantilli wins face-off versus Sean Couturier in neutral zone.
0:23 of 2nd period - Slapshot by Roman Josi.
0:23 of 2nd period - Shot Misses the Net.
0:25 of 2nd period - Wrist shot by Jordan Staal.
0:25 of 2nd period - Stopped by Andrei Vasilevskiy without a rebound.
0:26 of 2nd period - Sean Couturier wins face-off versus Adam Fantilli in Los Angeles Kings zone.
1:03 of 2nd period - Wrist shot by Sean Couturier.
1:03 of 2nd period - Shot Misses the Net.
1:05 of 2nd period - Slapshot by Shea Theodore.
1:05 of 2nd period - Shot Misses the Net.
1:07 of 2nd period - Snap shot by Shea Theodore.
1:07 of 2nd period - Deflect By Danton Heinen.
1:07 of 2nd period - Stopped by Andrei Vasilevskiy without a rebound.
1:08 of 2nd period - Logan Cooley wins face-off versus Sean Monahan in Los Angeles Kings zone.
1:19 of 2nd period - Snap shot by Erik Brannstrom.
1:19 of 2nd period - Shot Misses the Net.
1:33 of 2nd period - Michael Eyssimont is hit by Reilly Smith and loses puck.
1:40 of 2nd period - Wrist shot by Reilly Smith.
1:40 of 2nd period - Shot Misses the Net.
1:42 of 2nd period - Wrist shot by Auston Matthews.
1:42 of 2nd period - Shot Blocked by Michael Eyssimont.
1:44 of 2nd period - Snap shot by Auston Matthews.
1:44 of 2nd period - Stopped by Andrei Vasilevskiy with a rebound.
1:46 of 2nd period - Slapshot by Thomas Chabot.
1:46 of 2nd period - Deflect By Auston Matthews.
1:46 of 2nd period - Shot Misses the Net.
1:46 of 2nd period - Puck is out of play.
1:47 of 2nd period - Logan Cooley wins face-off versus Danton Heinen in Los Angeles Kings zone.
1:47 of 2nd period - Logan Cooley is hit by Sean Couturier.
2:12 of 2nd period - Owen Power is hit by Sean Monahan and loses puck.
2:39 of 2nd period - Michael Eyssimont is hit by Ryan Graves and loses puck.
3:04 of 2nd period - Minor Penalty to Cole Smith for Roughing.
3:05 of 2nd period - Adam Fantilli wins face-off versus Jordan Staal in Vegas Golden Knights zone.
3:13 of 2nd period - Snap shot by Adam Fantilli.
3:13 of 2nd period - Deflect By Andrei Svechnikov.
3:13 of 2nd period - Shot Blocked by Roman Josi.
3:13 of 2nd period - Puck is out of play.
3:14 of 2nd period - Jordan Staal wins face-off versus Adam Fantilli in Vegas Golden Knights zone.
3:49 of 2nd period - Snap shot by Adam Fantilli.
3:49 of 2nd period - Stopped by Semyon Varlamov with a rebound.
3:51 of 2nd period - Snap shot by Andrei Svechnikov.
3:51 of 2nd period - Shot Blocked by Roman Josi.
3:53 of 2nd period - Wrist shot by Andrei Svechnikov.
3:53 of 2nd period - Stopped by Semyon Varlamov without a rebound.
3:54 of 2nd period - Jordan Staal wins face-off versus Logan Cooley in Vegas Golden Knights zone.
4:03 of 2nd period - Wrist shot by Sean Couturier.
4:03 of 2nd period - Shot Misses the Net.
4:05 of 2nd period - Snap shot by Pierre-edouard Bellemare.
4:05 of 2nd period - Goal by Pierre-edouard Bellemare - Los Angeles Kings : 3 - Vegas Golden Knights : 2.
4:06 of 2nd period - Jordan Staal wins face-off versus Erik Brannstrom in neutral zone.
4:31 of 2nd period - Sean Couturier is hit by Peyton Krebs and loses puck.
5:04 of 2nd period - Penalty to Cole Smith is over, Cole Smith is back on ice.
5:24 of 2nd period - Slapshot by Noah Dobson.
5:24 of 2nd period - Stopped by Semyon Varlamov with a rebound.
5:55 of 2nd period - Jordan Staal is hit by Peyton Krebs and loses puck.
6:10 of 2nd period - Matt Nieto is hit by Erik Brannstrom and loses puck.
6:17 of 2nd period - Slapshot by John Marino.
6:17 of 2nd period - Stopped by Andrei Vasilevskiy with a rebound.
6:29 of 2nd period - Backhand shot by Sean Monahan.
6:29 of 2nd period - Shot Misses the Net.
6:58 of 2nd period - Seth Jarvis is hit by John Marino and loses puck.
7:21 of 2nd period - Backhand shot by Andrei Kuzmenko.
7:21 of 2nd period - Shot Blocked by Thomas Chabot.
7:37 of 2nd period - Michael Milne is hit by Shea Theodore and loses puck.
7:52 of 2nd period - Backhand shot by Noah Dobson.
7:52 of 2nd period - Shot Blocked by Shea Theodore.
8:09 of 2nd period - Slapshot by Sean Monahan.
8:09 of 2nd period - Stopped by Andrei Vasilevskiy with a rebound.
8:49 of 2nd period - Wrist shot by Sean Couturier.
8:49 of 2nd period - Stopped by Andrei Vasilevskiy with a rebound.
8:55 of 2nd period - Ryan Graves is hit by Erik Brannstrom and loses puck.
9:51 of 2nd period - Wrist shot by Johnny Gaudreau.
9:51 of 2nd period - Goal by Johnny Gaudreau - Los Angeles Kings : 3 - Vegas Golden Knights : 3.
9:52 of 2nd period - Sean Monahan wins face-off versus Logan Cooley in neutral zone.
10:01 of 2nd period - Slapshot by Sean Monahan.
10:01 of 2nd period - Shot Misses the Net.
10:25 of 2nd period - Slapshot by Adam Fantilli.
10:25 of 2nd period - Deflect By Peyton Krebs.
10:25 of 2nd period - Shot Misses the Net.
10:25 of 2nd period - Puck is out of play.
10:26 of 2nd period - Adam Fantilli wins face-off versus Sean Couturier in Vegas Golden Knights zone.
11:13 of 2nd period - Snap shot by Andrei Kuzmenko.
11:13 of 2nd period - Stopped by Semyon Varlamov without a rebound.
11:14 of 2nd period - Michael Eyssimont wins face-off versus Auston Matthews in Vegas Golden Knights zone.
11:46 of 2nd period - Snap shot by Tyler Toffoli.
11:46 of 2nd period - Stopped by Andrei Vasilevskiy without a rebound.
11:47 of 2nd period - Sean Couturier wins face-off versus Erik Brannstrom in Los Angeles Kings zone.
11:58 of 2nd period - Slapshot by Seth Jarvis.
11:58 of 2nd period - Shot Misses the Net.
12:19 of 2nd period - Wrist shot by Andrei Svechnikov.
12:19 of 2nd period - Shot Misses the Net.
12:21 of 2nd period - Slapshot by Blake Wheeler.
12:21 of 2nd period - Shot Misses the Net.
12:23 of 2nd period - Wrist shot by Adam Fantilli.
12:23 of 2nd period - Stopped by Semyon Varlamov without a rebound.
12:24 of 2nd period - Michael Eyssimont wins face-off versus Auston Matthews in Vegas Golden Knights zone.
12:28 of 2nd period - Minor Penalty to Reilly Smith for Tripping.
12:29 of 2nd period - Jordan Staal wins face-off versus Logan Cooley in Vegas Golden Knights zone.
12:43 of 2nd period - Wrist shot by Logan Cooley.
12:43 of 2nd period - Deflect By Seth Jarvis.
12:43 of 2nd period - Goal by Seth Jarvis - Los Angeles Kings : 4 - Vegas Golden Knights : 3.
12:44 of 2nd period - Adam Fantilli wins face-off versus Auston Matthews in neutral zone.
12:47 of 2nd period - Auston Matthews is hit by Adam Fantilli and loses puck.
13:02 of 2nd period - K'Andre Miller is hit by Reilly Smith.
13:38 of 2nd period - Snap shot by Andrei Kuzmenko.
13:38 of 2nd period - Deflect By Michael Milne.
13:38 of 2nd period - Stopped by Semyon Varlamov with a rebound.
13:42 of 2nd period - Wrist shot by Michael Eyssimont.
13:42 of 2nd period - Goal by Michael Eyssimont - Los Angeles Kings : 5 - Vegas Golden Knights : 3.
13:43 of 2nd period - Adam Fantilli wins face-off versus Auston Matthews in neutral zone.
13:46 of 2nd period - Snap shot by Peyton Krebs.
13:46 of 2nd period - Shot Misses the Net.
13:48 of 2nd period - Snap shot by Andrei Svechnikov.
13:48 of 2nd period - Stopped by Semyon Varlamov with a rebound.
13:50 of 2nd period - Wrist shot by Andrei Svechnikov.
13:50 of 2nd period - Stopped by Semyon Varlamov without a rebound.
13:51 of 2nd period - Adam Fantilli wins face-off versus Reilly Smith in Vegas Golden Knights zone.
14:11 of 2nd period - Icing by Owen Power.
14:12 of 2nd period - Sean Couturier wins face-off versus Adam Fantilli in Los Angeles Kings zone.
14:13 of 2nd period - Wrist shot by Danton Heinen.
14:13 of 2nd period - Stopped by Andrei Vasilevskiy without a rebound.
14:14 of 2nd period - Logan Cooley wins face-off versus Sean Couturier in Los Angeles Kings zone.
14:23 of 2nd period - Slapshot by Seth Jarvis.
14:23 of 2nd period - Shot Misses the Net.
14:25 of 2nd period - Slapshot by Blake Wheeler.
14:25 of 2nd period - Stopped by Semyon Varlamov with a rebound.
14:27 of 2nd period - Slapshot by Jakub Zboril.
14:27 of 2nd period - Stopped by Semyon Varlamov with a rebound.
14:39 of 2nd period - Jordan Staal is hit by Blake Wheeler.
15:11 of 2nd period - Wrist shot by Adam Fantilli.
15:11 of 2nd period - Deflect By Andrei Svechnikov.
15:11 of 2nd period - Stopped by Semyon Varlamov without a rebound.
15:12 of 2nd period - Adam Fantilli wins face-off versus Sean Monahan in Vegas Golden Knights zone.
16:25 of 2nd period - Wrist shot by Trent Frederic.
16:25 of 2nd period - Stopped by Semyon Varlamov without a rebound.
16:26 of 2nd period - Sean Monahan wins face-off versus Cooper Marody in Vegas Golden Knights zone.
18:34 of 2nd period - Slapshot by Noah Dobson.
18:34 of 2nd period - Stopped by Semyon Varlamov without a rebound.
18:35 of 2nd period - Matt Nieto wins face-off versus Logan Cooley in Vegas Golden Knights zone.
18:40 of 2nd period - Snap shot by Pierre-edouard Bellemare.
18:40 of 2nd period - Stopped by Andrei Vasilevskiy with a rebound.
18:42 of 2nd period - Snap shot by Matt Nieto.
18:42 of 2nd period - Deflect By Logan Cooley.
18:42 of 2nd period - Stopped by Andrei Vasilevskiy with a rebound.
18:44 of 2nd period - Wrist shot by Pierre-edouard Bellemare.
18:44 of 2nd period - Shot Misses the Net.
18:50 of 2nd period - Wrist shot by Matt Nieto.
18:50 of 2nd period - Shot Misses the Net.
19:48 of 2nd period - Michael Milne is hit by Matt Nieto and loses puck.
Goals for this period are 3 for Los Angeles Kings vs 2 for Vegas Golden Knights.
Shots for this period are 16 for Los Angeles Kings vs 12 for Vegas Golden Knights.
3rd period
0:01 of 3rd period - Sean Monahan wins face-off versus Erik Brannstrom in neutral zone.
0:12 of 3rd period - Wrist shot by Johnny Gaudreau.
0:12 of 3rd period - Goal by Johnny Gaudreau - Los Angeles Kings : 5 - Vegas Golden Knights : 4.
0:13 of 3rd period - Sean Monahan wins face-off versus Logan Cooley in neutral zone.
0:47 of 3rd period - Slapshot by Thomas Chabot.
0:47 of 3rd period - Deflect By Bryan Rust.
0:47 of 3rd period - Shot Blocked by Blake Wheeler.
0:47 of 3rd period - Puck is out of play.
0:48 of 3rd period - Sean Couturier wins face-off versus Adam Fantilli in Los Angeles Kings zone.
0:55 of 3rd period - Wrist shot by Sean Couturier.
0:55 of 3rd period - Stopped by Andrei Vasilevskiy with a rebound.
1:01 of 3rd period - Sean Couturier is hit by Peyton Krebs and loses puck.
1:23 of 3rd period - Slapshot by Shea Theodore.
1:23 of 3rd period - Shot Misses the Net.
1:49 of 3rd period - Slapshot by Auston Matthews.
1:49 of 3rd period - Stopped by Andrei Vasilevskiy with a rebound.
2:23 of 3rd period - Wrist shot by Pierre-edouard Bellemare.
2:23 of 3rd period - Stopped by Andrei Vasilevskiy with a rebound.
2:25 of 3rd period - Slapshot by Ryan Graves.
2:25 of 3rd period - Stopped by Andrei Vasilevskiy with a rebound.
2:27 of 3rd period - Snap shot by Pierre-edouard Bellemare.
2:27 of 3rd period - Stopped by Andrei Vasilevskiy without a rebound.
2:28 of 3rd period - Sean Monahan wins face-off versus Adam Fantilli in Los Angeles Kings zone.
2:36 of 3rd period - Minor Penalty to Peyton Krebs for High sticking.
2:37 of 3rd period - Sean Monahan wins face-off versus Seth Jarvis in Los Angeles Kings zone.
4:36 of 3rd period - Penalty to Peyton Krebs is over, Peyton Krebs is back on ice.
6:31 of 3rd period - Roman Josi is hit by Peyton Krebs and loses puck.
7:07 of 3rd period - Sean Couturier is hit by Logan Cooley and loses puck.
8:03 of 3rd period - Logan Cooley is hit by Bryan Rust and loses puck.
8:37 of 3rd period - K'Andre Miller is hit by Danton Heinen.
8:43 of 3rd period - Jordan Staal is hit by Erik Brannstrom and loses puck.
8:56 of 3rd period - Snap shot by Auston Matthews.
8:56 of 3rd period - Shot Misses the Net.
9:13 of 3rd period - Icing by Bryan Rust.
9:14 of 3rd period - Logan Cooley wins face-off versus Auston Matthews in Vegas Golden Knights zone.
9:17 of 3rd period - Snap shot by Seth Jarvis.
9:17 of 3rd period - Stopped by Semyon Varlamov without a rebound.
9:18 of 3rd period - Michael Eyssimont wins face-off versus Sean Monahan in Vegas Golden Knights zone.
9:47 of 3rd period - Slapshot by Owen Power.
9:47 of 3rd period - Deflect By Andrei Svechnikov.
9:47 of 3rd period - Deflect By Reilly Smith.
9:47 of 3rd period - Shot Misses the Net.
9:47 of 3rd period - Puck is out of play.
9:48 of 3rd period - Adam Fantilli wins face-off versus Auston Matthews in Vegas Golden Knights zone.
10:01 of 3rd period - Wrist shot by Adam Fantilli.
10:01 of 3rd period - Shot Misses the Net.
10:13 of 3rd period - Noah Dobson is hit by Roman Josi and loses puck.
10:30 of 3rd period - Wrist shot by Reilly Smith.
10:30 of 3rd period - Goal by Reilly Smith - Los Angeles Kings : 5 - Vegas Golden Knights : 5.
10:31 of 3rd period - Logan Cooley wins face-off versus Sean Monahan in neutral zone.
10:33 of 3rd period - Minor Penalty to Jakub Zboril for Delaying the game.
10:34 of 3rd period - Logan Cooley wins face-off versus Sean Monahan in Los Angeles Kings zone.
12:02 of 3rd period - Auston Matthews is hit by Logan Cooley.
12:33 of 3rd period - Penalty to Jakub Zboril is over, Jakub Zboril is back on ice.
12:47 of 3rd period - Wrist shot by Erik Brannstrom.
12:47 of 3rd period - Stopped by Semyon Varlamov with a rebound.
13:07 of 3rd period - Matt Nieto is hit by Jakub Zboril and loses puck.
13:18 of 3rd period - Ryan Graves is hit by Michael Milne.
15:25 of 3rd period - Wrist shot by Auston Matthews.
15:25 of 3rd period - Stopped by Andrei Vasilevskiy with a rebound.
15:27 of 3rd period - Wrist shot by Reilly Smith.
15:27 of 3rd period - Stopped by Andrei Vasilevskiy with a rebound.
15:37 of 3rd period - Johnny Gaudreau is hit by Seth Jarvis and loses puck.
18:42 of 3rd period - Trent Frederic is hit by Bryan Rust and loses puck.
19:53 of 3rd period - Auston Matthews is hit by Adam Fantilli and loses puck.
Goals for this period are 0 for Los Angeles Kings vs 2 for Vegas Golden Knights.
Shots for this period are 2 for Los Angeles Kings vs 9 for Vegas Golden Knights.
Overtime #1
0:01 of 1st overtime period - Auston Matthews wins face-off versus Seth Jarvis in neutral zone.
0:06 of 1st overtime period - K'Andre Miller is hit by Roman Josi and loses puck.
0:17 of 1st overtime period - Snap shot by Auston Matthews.
0:17 of 1st overtime period - Goal by Auston Matthews - Los Angeles Kings : 5 - Vegas Golden Knights : 6.
Goals for this period are 0 for Los Angeles Kings vs 1 for Vegas Golden Knights.
Shots for this period are 0 for Los Angeles Kings vs 1 for Vegas Golden Knights.
Back to the Top